 Dungeon Crawl Stone Soup version 0.29-a0-284-gf9362112df (webtiles) character file.

Game seed: 1098699522345764775

254 ooooo the Conjurer (level 6, -3/54 HPs)
             Began as an Octopode Conjurer on Mar 15, 2022.
             Killed from afar by Ijyb (12 damage)
             ... with an iceblast
             ... on level 3 of the Dungeon.
             The game lasted 00:06:24 (3033 turns).

ooooo the Conjurer (Octopode Conjurer)              Turns: 3033, Time: 00:06:25

Health: -3/54      AC:  1    Str:  7    XL:     6   Next: 15%
Magic:  5/9        EV: 13    Int: 22    God:
Gold:   190        SH:  0    Dex: 16    Spells: 2/9 levels left

rFire   + . .      SeeInvis +   g - +1 dagger (vamp)
rCold   . . .      Faith    .   (no shield)
rNeg    . . .      Spirit   .   (helmet restricted)
rPois   .          Reflect  .   (no amulet)
rElec   .          Harm     .   e - ring of see invisible
rCorr   .          Rampage  .   i - +6 ring of dexterity
Will    .....                   q - ring of protection from fire
Stlth   ..........              (no ring)
HPRegen 0.18/turn               (no ring)
MPRegen 0.11/turn               (no ring)
                                (no ring)
                                (no ring)

@: berserking (expiring), very quick
A: almost no armour, amphibious, 8 rings, camouflage 1, gelatinous body 1,
(nimble swimmer 1), tentacles
a: no special abilities


You were on level 3 of the Dungeon.
You visited 1 branch of the dungeon, and saw 3 of its levels.
You also visited: Sewer.

You collected 190 gold pieces.

Inventory:

Hand Weapons
 c - a +0 dagger
 g - a +1 vampiric dagger (weapon)
Missiles
 h - 4 javelins
 o - 6 poisoned darts
Magical Staves
 s - a staff of air
Jewellery
 e - a ring of see invisible (left tentacle)
 i - a +6 ring of dexterity (right tentacle)
 q - a ring of protection from fire (on tentacle)
Scrolls
 b - 2 scrolls of enchant armour
 l - a scroll of teleportation {unknown}
 p - 4 scrolls of identify
 t - a scroll of immolation {unknown}
 u - 3 scrolls of fear {unknown}
Potions
 a - a potion of magic
 d - a potion of cancellation {unknown}
 f - a potion of mutation {unknown}
 j - 2 potions of curing
 k - 2 potions of brilliance
 m - a potion of haste {unknown}
 n - a potion of flight {unknown}
 r - 4 potions of berserk rage


   Skills:
 - Level 2.0 Dodging
 - Level 2.6 Stealth
 - Level 2.0 Spellcasting
 + Level 7.1 Conjurations
 + Level 1.1 Hexes


You had 2 spell levels left.
You knew the following spells:

 Your Spells              Type           Power      Damage    Failure   Level
a - Searing Ray           Conj           66%        2d6       1%          2
b - Magic Dart            Conj           100%       1d8       1%          1
c - Fulminant Prism       Conj/Hex       10%        3d9       26%         4

Your spell library contained the following spells:

 Spells                   Type           Power      Damage    Failure   Level
 Beastly Appendage        Tmut           4%         N/A       14%         1
 Pain                     Necr           8%         1d4       14%         1
 Sting                    Tmut/Pois      8%         1d3       14%         1
 Dazzling Flash           Conj/Hex       40%        N/A       8%          3
 Mephitic Cloud           Conj/Pois/Air  12%        N/A       16%         3
 Iskenderun's Mystic Bla  Conj/Tloc      17%        2d5       32%         4
 Ignite Poison            Fire/Tmut/Pois 2%         N/A       38%         3
 Freezing Cloud           Conj/Ice/Air   6%         6-21      82%         5


Dungeon Overview and Level Annotations

Branches:
Dungeon (3/15)              Sewer (visited)

Altars:
Dithmenos
Elyvilon
Qazlal
Trog
Wu Jian

Shops:
D:1 (

Annotations:
D:3 Ijyb


Innate Abilities, Weirdness & Mutations

You cannot wear most types of armour.
You are amphibious.
You can wear up to eight rings at the same time.
Your skin changes colour to match your surroundings (Stealth+).
Your rubbery body absorbs attacks. (AC +1, EV +1)
((You are camouflaged when in or above water. (Stealth+)))
You have tentacles for arms and can constrict up to eight enemies at once.


Message History

You hit the hobgoblin.
The hobgoblin is severely wounded.
You constrict the hobgoblin.
You kill the hobgoblin!
The bat hits you but does no damage. The bat barely misses you.
The bat hits you.
Casting: Searing Ray (safe; 1% risk of failure)
Confirm with . or Enter, or press ? or * to list all spells.
Aiming: Magic Dart (safe; 1% risk of failure)
Press: ? - help, Shift-Dir - straight line, f - Ijyb
Aim: Ijyb, wielding a +0 dagger, wearing a +1 ring mail of fire resistance and carrying a wand of iceblast (13) (100% to hit)
The magic dart hits Ijyb but does no damage.
The bat hits you but does no damage. The bat barely misses you.
Unknown command.
Casting: Magic Dart (safe; 1% risk of failure)
Confirm with . or Enter, or press ? or * to list all spells.
Aiming: Searing Ray (safe; 1% risk of failure)
Press: ? - help, Shift-Dir - straight line, f/p - Ijyb
Aim: Ijyb, wielding a +0 dagger, wearing a +1 ring mail of fire resistance and carrying a wand of iceblast (13) (78% to hit)
The searing ray hits the bat!
You kill the bat!
The searing ray hits Ijyb.
Ijyb is lightly wounded. (Press . to maintain the ray.) Ijyb zaps a wand.
The mass of ice explodes!
The iceblast engulfs you!
The searing ray hits Ijyb but does no damage.
Ijyb is lightly wounded.
Ijyb zaps a wand.
The mass of ice explodes!
The iceblast engulfs you!
Okay, then.
Okay, then.
You aren't carrying any items that you can evoke.
Okay, then.
A red film seems to cover your vision as you go berserk!
You feel yourself moving faster!
You feel mighty!
Ijyb zaps a wand.
The mass of ice explodes!
The iceblast engulfs you!
* * * LOW HITPOINT WARNING * * *
You feel a strong urge to attack something.
You feel your anger nearly subside.
Ijyb zaps a wand.
The mass of ice explodes!
The iceblast engulfs you!
You die...

#.#
#..##.##
#.# #..#
.# #.#
#..# ..
#.# ##.#
#.# #.#
#.. #.#
#...
##.##
.#.
#...# ..
#..@# #
#.
#...##
#.##..
##...#
#.....#
#.†.#
#......
##...#
#......
#..g#
#......
##...
#......
##...
#......
#...
#......


You could see Ijyb.

Vanquished Creatures
  A water moccasin (Sewer)
  Terence (D:3)
  An orc wizard (D:3)
  Robin (D:3)
  An adder (D:2)
  A worm (D:3)
  A dart slug (D:3)
  5 orcs (D:3)
  6 ball pythons
  2 endoplasms (D:1)
  2 giant cockroaches (D:3)
  13 goblins
  8 hobgoblins
  2 jackals (D:2)
  A quokka (D:1)
  7 bats
  6 frilled lizards
  2 kobolds
  6 rats
67 creatures vanquished.

Vanquished Creatures (others)
  3 plants (D:1)
3 creatures vanquished.

Grand Total: 70 creatures vanquished

Notes
Turn   | Place    | Note
-------+----------+-------------------------------------------
     0 | D:1      | ooooo the Octopode Conjurer began the quest for the Orb.
     0 | D:1      | Reached XP level 1. HP: 11/11 MP: 3/3
   281 | D:1      | Got An Introduction to Witchcraft
   570 | D:1      | Found Huysh's Antique Weapon Shoppe.
   594 | D:1      | Reached XP level 2. HP: 17/17 MP: 5/5
   597 | D:1      | Learned a level 2 spell: Searing Ray
  1276 | D:2      | Reached XP level 3. HP: 20/21 MP: 6/6
  1324 | D:2      | Reached skill level 5 in Conjurations
  1863 | D:3      | Found a bloodstained altar of Trog.
  1865 | D:3      | Found a stormy altar of Qazlal.
  1865 | D:3      | Found a shadowy altar of Dithmenos.
  1990 | D:3      | Found a white marble altar of Elyvilon.
  2034 | D:3      | Reached XP level 4. HP: 27/27 MP: 5/7
  2121 | D:3      | Noticed Robin
  2132 | D:3      | Killed Robin
  2283 | D:3      | Found an ornate altar of the Wu Jian Council.
  2305 | D:3      | Found a glowing drain.
  2315 | Sewer    | Entered a sewer
  2337 | Sewer    | Reached skill level 6 in Conjurations
  2492 | Sewer    | Noticed a water moccasin
  2507 | Sewer    | Killed a water moccasin
  2508 | Sewer    | Reached XP level 5. HP: 22/31 MP: 0/8
  2642 | Sewer    | Learned a level 4 spell: Fulminant Prism
  2875 | D:3      | Noticed Terence
  2906 | D:3      | Reached skill level 7 in Conjurations
  2906 | D:3      | Reached XP level 6. HP: 36/36 MP: 1/9
  2907 | D:3      | Killed Terence
  2908 | D:3      | Reached skill level 1 in Hexes
  3024 | D:3      | Noticed Ijyb
  3033 | D:3      | Killed from afar by Ijyb

Illustrated notes

Levels and vault maps discovered:
D:1:      matt_arrival_spirals, layout_basic, serial_forest,
          infiniplex_forest_straight_4, infiniplex_forest_clump_curved,
          infiniplex_forest_lined_room_2, infiniplex_forest_corner_1,
          infiniplex_forest_lined_room_2, infiniplex_forest_clump_double,
          infiniplex_forest_end_1, infiniplex_forest_clump_C,
          infiniplex_forest_pool, serial_shops, nicolae_shop_hallway_stairs
D:2:      layout_loops_ring
D:3:      layout_rooms, mainiacjoe_overflow_small_starburst,
          nicolae_overflow_quartered_altars, portal_sewer_entry_a,
          serial_curves, eino_curves_01, eino_curves_03, eino_curves_03,
          eino_curves_04, uniq_ijyb, uniq_robin, uniq_terence

Skill      XL: |  1  2  3  4  5  6 |
---------------+-------------------+-----
Conjurations   | 5 6 7 |  7.1
Hexes          | 1 |  1.1
Dodging        | |  2.0
Stealth        | |  2.6
Spellcasting   | |  2.0

Action                   |  1- 3 |  4- 6 || total
-------------------------+-------+-------++-------
Melee: Dagger            |    38 |    45 ||    83
       Unarmed           |     3 |       ||     3
       Constrict         |     6 |    14 ||    20
       Tentacles         |     8 |     7 ||    15
       Punch             |     1 |     1 ||     2
 Cast: Magic Dart        |    13 |     2 ||    15
       Searing Ray       |       |     9 ||     9
  Use: Scroll            |     3 |       ||     3
       Potion            |       |     1 ||     1
 Stab: Sleeping          |     6 |     4 ||    10
       Distracted        |     1 |       ||     1
Armor: Skin              |     8 |    14 ||    22
Dodge: Dodged            |    33 |    56 ||    89

Table legend: (Time is in decaauts)
 A = Elapsed time spent in this place.
 B = Non-inter-level travel time spent in this place.
 C = Inter-level travel time spent in this place.
 D = Time resting spent in this place.
 E = Time spent auto-exploring this place.
 F = Levels seen in this place.
 G = Mean time per level.
                   A        B        C        D        E       F      G
               +--------+--------+--------+--------+--------+-----+--------+
         Total |   3029 |   2975 |     54 |    219 |   2197 |   4 |  757.2 |
       Dungeon |   2701 |   2647 |     54 |      0 |   2173 |   3 |  900.3 |
         Sewer |    327 |    327 |      0 |    219 |     24 |   1 |  327.0 |
               +--------+--------+--------+--------+--------+-----+--------+

Top non-repeatable levels by time:
     D:1: 1228 daAuts
     D:3: 850 daAuts
     D:2: 623 daAuts
   Sewer: 327 daAuts
